 Dungeon Crawl Stone Soup version 0.31.0-11-ge490571c62 (webtiles) character file.

Game seed: 8108299076850257832

1168 Melum the Changeling (level 8, -5/80 HPs)
             Began as an Oni Shapeshifter on Jan 31, 2024.
             Was an Initiate of Wu Jian.
             Killed from afar by Dowan (21 damage)
             ... with a shard of ice
             ... on level 6 of the Dungeon on Feb 1, 2024.
             The game lasted 00:18:24 (4994 turns).

Melum the Changeling (Oni Shapeshifter)             Turns: 4994, Time: 00:18:25

Health: -5/80      AC:  1    Str: 27    XL:     8   Next: 40%
Magic:  8/8        EV: 13    Int: 11    God:    Wu Jian [......]
Gold:   327        SH:  0    Dex:  8    Spells: 2/7 levels left

rFire   . .          .
                       - Unarmed
rCold   . . .        (shield currently unavailable)
rNeg    . . .        a - melded +0 animal skin
rPois   .            (helmet restricted)
rElec   .            (no cloak)
rCorr   .            (gloves unavailable)
SInv    .            (boots unavailable)
Will    .....        (no amulet)
Stlth   +            x - +6 ring of strength
HPRegen 0.33/turn    (no ring)
MPRegen 0.11/turn

%: no passive effects
@: brilliant, flux-form, glowing
A: glow, contaminating, large, unfitting armour, horns 1, tough skin 1, double
potion healing, drunken brawling
a: Begin Untransformation, Renounce Religion


You were on level 6 of the Dungeon.
You worshipped Wu Jian.
Wu Jian was noncommittal.
You were something dangerously unstable.
You visited 2 branches of the dungeon, and saw 7 of its levels.

You collected 327 gold pieces.

Inventory:

Missiles
 p - 2 throwing nets (quivered)
Armour
 a - a +0 animal skin (melded)
Jewellery
 x - a +6 ring of strength (left hand)
Talismans
 c - a beast talisman
 d - a flux talisman (active)
Wands
 h - a wand of acid (6)
 o - a wand of mindburst (8)
 z - a wand of digging (4)
Scrolls
 f - 3 scrolls of poison {unknown}
 j - a scroll of enchant armour {unknown}
 m - 3 scrolls of teleportation {unknown}
 n - a scroll of butterflies {unknown}
 r - a scroll of blinking {unknown}
 u - 2 scrolls of enchant weapon {unknown}
 w - a scroll of silence {unknown}
 y - a scroll of identify {unknown}
Potions
 b - a potion of lignification
 g - a potion of attraction {unknown}
 i - 5 potions of brilliance
 k - a potion of haste {unknown}
 l - a potion of enlightenment {unknown}
 q - 2 potions of heal wounds {unknown}
 s - 2 potions of degeneration {unknown}
 t - 2 potions of cancellation {unknown}
 v - a potion of invisibility {unknown}


   Skills:
 - Level 5.0 Fighting
 - Level 1.7 Dodging
 - Level 5.0 Unarmed Combat
 + Level 7.7 Shapeshifting


You had 2 spell levels left.
You knew the following spells:

 Your Spells              Type           Power      Damage    Failure   Level
a - Lesser Beckoning      Tloc           0%         N/A       47%         2
b - Ozocubu's Armour      Ice            0%         N/A       71%         3

Your spell library contained the following spells:

 Spells                   Type           Power      Damage    Failure   Level
 Slow                     Hex            0%         N/A       34%         1
 Blink                    Tloc           0%         N/A       47%         2
 Momentum Strike          Conj/Tloc      0%         3d8       47%         2
 Confusing Touch          Hex            0%         N/A       71%         3
 Gell's Gravitas          Tloc           0%         N/A       71%         3
 Sigil of Binding         Hex            0%         N/A       71%         3
 Teleport Other           Tloc           0%         N/A       71%         3
 Vampiric Draining        Necr           0%         2d6       71%         3
 Metabolic Englaciation   Hex/Ice        0%         N/A       100%        5
 Sculpt Simulacrum        Ice/Alch       0%         N/A       100%        6


Dungeon Overview and Level Annotations

Branches:
Dungeon (6/15)             Temple (1/1) D:4

Altars:
Ashenzari
Cheibriados
Elyvilon
Fedhas
Hepliaklqana
Kikubaaqudgha
Nemelex Xobeh
Okawaru
Qazlal
Ru
Trog
Uskayaw
Vehumet
Wu Jian
Xom
The Shining One

Shops:
D:4 !

Annotations:
D:6 Dowan


Innate Abilities, Weirdness & Mutations

You are something dangerously unstable.
You glow with magical radiation, making you easy to see and hit.
Foes you strike become dangerously contaminated with magical radiation.
You are incapable of wielding weapons or throwing items.
You are too large for most types of armour.
You have a pair of small horns on your head.
You have tough skin. (AC +1)
You gain doubled healing and magic from potions.
Whenever you drink a healing potion, you attack all around you.


Message History

The bolt of acid hits Duvessa!
Duvessa is moderately wounded.
The bolt of acid hits something!
The acid corrodes something!
The ogre barely misses you.
You take a swig of the potion and flex your muscles.
You hit the ogre.
The ogre glows dangerously bright.
You headbutt the ogre, but do no damage.
The ogre is severely wounded.
You savour every drop.
You feel better. The ogre completely misses you.
You hit the ogre but do no damage.
The ogre shudders as magic cascades through it.
The ogre twists and deforms.
You headbutt the ogre.
You kill the ogre!
The Council accepts your kill.
You hit Duvessa but do no damage.
Duvessa begins to glow.
Duvessa is moderately wounded.
Duvessa hits you with a +0 short sword.
* * * LOW HITPOINT WARNING * * *
You hit Duvessa but do no damage.
Duvessa glows dangerously bright.
Duvessa is moderately wounded.
Duvessa closely misses you.
You hit Duvessa.
Duvessa shudders as magic cascades through her!!
Duvessa twists and deforms.
Duvessa is almost dead.
Duvessa barely misses you.
You punch Duvessa!
You kill Duvessa!
The Council accepts your kill.
Dowan screams, "No!
No!"
Dowan seems to find hidden reserves of power!
You barely miss Dowan. You headbutt Dowan.
Dowan is lightly wounded.
Dowan hits you with a +0 dagger.
* * * LOW HITPOINT WARNING * * *
You closely miss Dowan. Your headbutt misses Dowan.
Dowan is lightly wounded.
Dowan casts a spell at you. The shard of ice hits you!!
You die...

.........# ####..
.........# ##.
.........# ######
.........# #.....
.........# #.####
#....[.# #
#.####)# # #e# #
#p################
#................#
################.#
#.# #.# #.# #..
###


You could see Dowan (fast).

Vanquished Creatures
  Duvessa (D:6)
  Edmund (D:5)
  A water moccasin (D:5)
  An ogre (D:6)
  3 scorpions
  3 bombardier beetles
  2 hounds
  An orc priest (D:3)
  A sleepcap (D:5)
  4 iguanas
  3 orc wizards
  4 gnolls (D:3)
  9 adders
  2 ufetubi (D:5)
  2 dart slugs (D:3)
  2 ribbon worms (D:3)
  10 orcs
  6 bats
  5 endoplasms
  5 giant cockroaches
  4 goblins
  7 hobgoblins
  4 jackals (D:4)
  2 quokkas
  5 ball pythons
  A frilled lizard (D:3)
  6 kobolds
  3 rats
98 creatures vanquished.

Notes
Turn   | Place    | Note
-------+----------+-------------------------------------------
     0 | D:1      | Melum the Oni Shapeshifter began the quest for the Orb.
     0 | D:1      | Reached XP level 1. HP: 19/19 MP: 1/1
   570 | D:1      | Reached XP level 2. HP: 19/27 MP: 2/2
   788 | D:2      | Reached XP level 3. HP: 14/33 MP: 3/3
  1565 | D:3      | Reached XP level 4. HP: 37/41 MP: 4/4
  1753 | D:3      | Reached skill level 5 in Unarmed Combat
  1753 | D:3      | Reached XP level 5. HP: 46/49 MP: 5/5
  2557 | D:4      | Found Miego's Distillery.
  2563 | D:4      | Reached skill level 5 in Fighting
  2563 | D:4      | Reached XP level 6. HP: 53/66 MP: 6/6
  2912 | D:4      | Found a staircase to the Ecumenical Temple.
  3101 | Temple   | Entered the Ecumenical Temple
  3105 | Temple   | Learned a level 2 spell: Lesser Beckoning
  3109 | Temple   | Learned a level 3 spell: Ozocubu's Armour
  3130 | Temple   | Became a worshipper of the Wu Jian Council
  3218 | D:4      | Found a sparkling altar of Nemelex Xobeh.
  3397 | D:4      | Reached skill level 4 in Shapeshifting
  3600 | D:5      | Entered Level 5 of the Dungeon
  3600 | D:5      | Found a sacrificial altar of Ru.
  3637 | D:5      | Reached XP level 7. HP: 70/72 MP: 7/7
  3782 | D:5      | Noticed Edmund
  3803 | D:4      | Reached skill level 5 in Shapeshifting
  4006 | D:5      | Killed Edmund
  4233 | D:5      | Reached skill level 6 in Shapeshifting
  4401 | D:5      | Found a bloodstained altar of Trog.
  4685 | D:6      | Reached XP level 8. HP: 77/80 MP: 8/8
  4801 | D:6      | Found a shimmering altar of Xom.
  4897 | D:6      | Reached skill level 7 in Shapeshifting
  4966 | D:6      | Noticed Duvessa
  4967 | D:6      | Noticed Dowan
  4992 | D:6      | Killed Duvessa
  4994 | D:6      | Killed from afar by Dowan

Illustrated notes

Levels and vault maps discovered:
D:1:      minmay_arrival_doors, layout_loops_ring, chequers_serial_rivers_marsh
D:2:      layout_loops_ring, minmay_misc_feat_rows
D:3:      layout_basic
D:4:      layout_rooms, nemelex_diamond_rough_becter, minmay_temple_entry_hall,
          serial_shops, shop, serial_bayou, serial_bayou_pond_a,
          serial_bayou_crossing, serial_bayou_pond_c, serial_bayou_shore_a,
          serial_bayou_pond_c, kennysheep_pointless_box, st_stairs_6
D:5:      layout_basic, amcnicky_altar_gilded,
          mainiacjoe_overflow_small_starburst, uniq_edmund
D:6:      layout_basic, grunt_dithmenos_smoke_and_mirrors,
          mainiacjoe_overflow_chevrons, uniq_duvessa, uniq_pikel, uniq_eustachio
Temple:   nicolae_temple_slightly_damp_pantheon

Skill      XL: |  1  2  3  4  5  6  7  8 |
---------------+-------------------------+-----
Unarmed Combat | 3 4 5 |  5.0
Fighting       | 2 5 |  5.0
Shapeshifting  | 4 6 7 |  7.7
Dodging        | |  1.7

Action                     |  1- 3 |  4- 6 |  7- 9 || total
---------------------------+-------+-------+-------++-------
  Melee: Unarmed           |    85 |   131 |   105 ||   321
         Headbutt          |    11 |    22 |    22 ||    55
         Punch             |     1 |     3 |     3 ||     7
Ability: Begin Untransform |     1 |       |     1 ||     2
         Lunge             |       |       |     6 ||     6
  Evoke: Wand              |       |       |     1 ||     1
    Use: Potion            |       |     1 |     2 ||     3
 Armour: Animal skin       |    50 |    90 |    47 ||   187
         Skin              |       |       |    16 ||    16
  Dodge: Dodged            |    39 |    60 |    50 ||   149
   Form: Beast             |     1 |       |       ||     1
         Flux              |       |       |     1 ||     1
